 Dungeon Crawl Stone Soup version 0.22-a0-224-g8cf3520474 (webtiles) character file.

1877 Banto the Jinx (level 8, -3/31 HPs)
             Began as a Felid Enchanter on Feb 19, 2018.
             Was an Initiate of Gozag.
             Killed by divine providence
             ... invoked by an orc priest
              (13 damage)
             ... on level 9 of the Dungeon.
             The game lasted 00:17:15 (11380 turns).

Banto the Jinx (Felid Enchanter)                   Turns: 11380, Time: 00:17:16

Health: -3/31      AC:  2    Str:  4    XL:     8   Next: 91%
Magic:  12/12      EV: 25    Int: 20    God:    Gozag
Gold:   887        SH:  0    Dex: 16    Spells: 5/11 levels left
                                        Lives:  0   Deaths: 2

rFire    . . .     SeeInvis +     - Unarmed
rCold    . . .     Gourm    .   (shield unavailable)
rNeg     . . .     Faith    .   (armour unavailable)
rPois    .         Spirit   .   (helmet unavailable)
rElec    .         Reflect  .   (cloak unavailable)
rCorr    .         Harm     .   (gloves unavailable)
MR       +....                  (boots unavailable)
Stlth    +++++.....             l - amulet of the acrobat
HPRegen  0.10/turn              (no ring)
MPRegen  0.13/turn              (no ring)

@: quick
A: very small, no armour, no weapons or thrown items, stealth, claws 1, fangs 3,
see invisible, carnivore, speed 1, shaggy fur 2, slow metabolism 1, sharp paws
a: Potion Petition, Call Merchant, Bribe Branch, Renounce Religion


You were on level 9 of the Dungeon.
You worshipped Gozag.
Gozag was pleased with you.
You were not hungry.

You visited 2 branches of the dungeon, and saw 10 of its levels.

You collected 944 gold pieces.
You paid 57 gold pieces to Gozag.

Inventory:

Jewellery
 l - an amulet of the acrobat (around neck)
Wands
 r - a wand of flame (54)
 u - a wand of disintegration (7)
Scrolls
 b - 6 scrolls of remove curse
 c - 2 scrolls of magic mapping
 e - a scroll of fear {unknown}
 i - 5 scrolls of teleportation
 n - 4 scrolls of identify
 p - a scroll of enchant weapon {unknown}
 q - a scroll of blinking
 v - a scroll of amnesia {unknown}
Potions
 d - 3 potions of magic {unknown}
 f - 3 potions of haste
 g - 2 potions of brilliance
 h - 2 potions of heal wounds
 j - 3 potions of berserk rage
 k - a potion of resistance {unknown}
 m - a potion of lignification {unknown}
 o - 2 potions of curing {unknown}
 s - a potion of invisibility {unknown}
 t - a potion of flight {unknown}
Comestibles
 a - 10 rations


   Skills:
 + Level 9.4 Dodging
 - Level 10.0 Stealth
 + Level 9.5 Unarmed Combat
 - Level 2.0 Spellcasting
 - Level 10.0 Hexes


You had 5 spell levels left.
You knew the following spells:

 Your Spells              Type           Power        Failure   Level  Hunger
a - Corona                Hex            #####..      1%          1    #......
b - Ensorcelled Hibernat  Hex/Ice        ###...       3%          2    ##.....
c - Confuse               Hex            #####...     1%          3    ###....


Dungeon Overview and Level Annotations

Branches:
Dungeon (9/15)             Temple (1/1) D:5            Lair (0/6) D:9
    Orc: D:9-12

Altars:
Ashenzari
Cheibriados
Dithmenos
Elyvilon
Fedhas
Gozag
Hepliaklqana
Kikubaaqudgha
Makhleb
Nemelex Xobeh
Okawaru
Qazlal
Ru
Sif Muna
Trog
Vehumet
Wu Jian
Xom
Yredelemnul
Zin
The Shining One


Innate Abilities, Weirdness & Mutations

You cannot wear armour.
You are incapable of wielding weapons or throwing items.
Your paws allow you to move quietly. (Stealth)
You have sharp claws.
You have razor-sharp teeth.
You have supernaturally acute eyesight. (SInv)
You are carnivorous and can eat meat at any time.
You cover ground quickly.
You are covered in thick fur. (AC +2)
You have a slow metabolism.
Your sharp claws are effective at attacking unaware monsters.


Message History

The hungry ghost is severely damaged.
The bullfrog completely misses you. The hungry ghost misses you.
The gnoll hits you from afar with a spear.
* * * LOW HITPOINT WARNING * * *
The orc closely misses you.
An orc comes into view. It is wielding a mace.
You take 3 damage, and have 9/31 hp.
You barely miss the hungry ghost.
The hungry ghost is severely damaged.
The bullfrog completely misses you. The hungry ghost completely misses you.
The gnoll closely misses you.
You are too injured to fight recklessly!
The orc shouts!
You scratch the hungry ghost. Your bite misses the hungry ghost.
The hungry ghost is almost destroyed.
The bullfrog completely misses you.
The orc priest mumbles some strange prayers to Beogh against you.
Beogh smites you!
You die...
Your body crumbles into a pile of gold.

.#######......................#
.#######............(...#######
.'..........#.P..P..#... #
.############..P....#... #
#####.....##... # #..###.(.## #
#.......## #......## #....@##
+..oWF#


#ooOgg# .o..o...# ###.#+#.. #. ### . . You could see a hungry ghost, an orc
warrior, an ogre, a bullfrog, an orc priest, 2 gnolls and 3 orcs.

Vanquished Creatures
  A two-headed ogre (D:9)
  A troll (D:9)
  Prince Ribbit (D:8)
  Sigmund (D:2)
  Eustachio (D:5)
  A water moccasin (D:8)
  An orc warrior (D:7)
  3 phantoms
  2 ice beasts (D:7)
  6 ogres
  A crocodile (D:9)
  Blork the orc (D:5)
  A big kobold (D:7)
  5 bullfrogs
  A scorpion (D:7)
  3 howler monkeys
  5 crimson imps
  A jelly (D:6)
  2 hounds
  5 orc priests
  9 orc wizards
  2 iguanas
  6 worker ants
  A hound zombie (D:7)
  A hound skeleton (D:6)
  12 adders
  4 shadow imps
  An ooze (D:5)
  An adder skeleton (D:8)
  2 worms
  4 dart slugs
  3 leopard geckos
  33 orcs
  6 giant cockroaches
  8 goblins
  9 hobgoblins
  2 jackals (D:2)
  17 kobolds
  A quokka (D:7)
  A ball python (D:2)
  10 bats
  11 frilled lizards
  A jackal skeleton (D:4)
  A quokka skeleton (D:8)
  A quokka zombie (D:5)
  9 rats
199 creatures vanquished.

Notes
Turn   | Place    | Note
-------+----------+-------------------------------------------
     0 | D:1      | Banto the Felid Enchanter began the quest for the Orb.
     0 | D:1      | Reached XP level 1. HP: 7/7 MP: 4/4
   378 | D:1      | Reached XP level 2. HP: 6/11 MP: 4/6
   700 | D:1      | Learned a level 2 spell: Ensorcelled Hibernation
  1293 | D:1      | Reached skill level 5 in Hexes
  1523 | D:1      | Reached XP level 3. HP: 14/14 MP: 5/7
  1966 | D:2      | Learned a level 3 spell: Confuse
  1991 | D:2      | Noticed Sigmund
  2041 | D:2      | Killed Sigmund
  2041 | D:2      | Reached XP level 4. HP: 18/18 MP: 5/8
  2041 | D:2      | Reached XP level 5. HP: 21/21 MP: 5/9
  2351 | D:2      | Found a sacrificial altar of Ru.
  2584 | D:2      | Found a faded altar of an unknown god.
  2773 | D:2      | Found a glowing golden altar of the Shining One.
  2915 | D:3      | Noticed an ogre
  2926 | D:3      | Killed an ogre
  2926 | D:3      | Gained mutation: You are covered in thick fur. (AC +2) [Felid growth]
  2926 | D:3      | Reached XP level 6. HP: 24/24 MP: 0/10
  4057 | D:4      | Found a stormy altar of Qazlal.
  4488 | D:4      | Found a deep blue altar of Sif Muna.
  4714 | D:4      | Reached XP level 7. HP: 22/27 MP: 0/11
  4924 | D:5      | Entered Level 5 of the Dungeon
  4992 | D:5      | Found a radiant altar of Vehumet.
  5226 | D:5      | Noticed Blork the orc
  5520 | D:5      | Killed Blork the orc
  6298 | D:4      | Reached skill level 5 in Unarmed Combat
  6340 | D:5      | Noticed Eustachio
  6367 | D:5      | Killed Eustachio
  6367 | D:5      | Reached XP level 8. HP: 31/31 MP: 0/12
  6476 | D:5      | Found a staircase to the Ecumenical Temple.
  6564 | Temple   | Entered the Ecumenical Temple
  6751 | Temple   | Became a worshipper of Gozag Ym Sagoz the Greedy
  6926 | D:5      | Found a sacrificial altar of Ru.
  7451 | D:6      | Found a stormy altar of Qazlal.
  7526 | D:6      | Killed from afar by an orc wizard
  7527 | D:6      | Reached XP level 7. HP: 0/27 MP: 0/11
  7962 | D:6      | Reached skill level 10 in Hexes
  8272 | D:7      | Reached skill level 10 in Stealth
  8272 | D:7      | Reached XP level 8. HP: 30/31 MP: 9/12
  9178 | D:7      | Reached skill level 5 in Dodging
  9624 | D:7      | Reached XP level 9. HP: 25/34 MP: 4/13
 10323 | D:8      | Noticed Prince Ribbit
 10333 | D:8      | Killed Prince Ribbit
 10902 | D:8      | Found a snail-covered altar of Cheibriados.
 11000 | D:9      | Noticed a troll
 11006 | D:9      | Noticed a two-headed ogre
 11022 | D:9      | Killed a troll
 11087 | D:9      | Killed a two-headed ogre
 11301 | D:9      | Slain by a hippogriff
 11302 | D:9      | Reached XP level 8. HP: -1/31 MP: 8/12
 11332 | D:9      | Found a staircase to the Lair.
 11380 | D:9      | Killed from afar by an orc priest

Vault maps used:
D:1:      lemuel_arrival_room, serial_bayou_pond_e
D:2:      nicolae_tso_swordbearing_angel,
          chequers_ecumenical_altar_simple_redux, nicolae_ru_awakened_eye,
          uniq_sigmund
D:3:      first_ration
D:4:      kennysheep_little_box, nicolae_qazlal_eye_of_the_storm
D:5:      marbit_many_paths, nicolae_overflow_crystal_walls,
          minmay_temple_entry_crystal_x, uniq_blork_the_orc, uniq_eustachio
D:6:      lemuel_crystal_altar
D:7:      kennysheep_potato
D:8:      lemuel_coloured_pillars_altar, uniq_prince_ribbit1
D:9:      eat_drink_and_be_merry_uskayaw, david_lair_generic, serial_shops, shop
Temple:   regret_index_temple_waves

Skill      XL: |  1  2  3  4  5  6  7  8  9 |
---------------+----------------------------+-----
Hexes          | 5 6 7 10 9 | 10.0
Unarmed Combat | 3 4 6 7 9 |  9.5
Stealth        | 6 7 10 9 | 10.0
Dodging        | 6 9 |  9.4
Spellcasting   | |  2.0

Action                   |  1- 3 |  4- 6 |  7- 9 || total
-------------------------+-------+-------+-------++-------
Melee: Unarmed           |    67 |   141 |   303 ||   511
       Bite              |     8 |     4 |    21 ||    33
       Punch             |       |     1 |     2 ||     3
 Cast: Corona            |     6 |       |       ||     6
       Ensorcelled Hiber |    11 |    42 |   103 ||   156
       Confuse           |       |     9 |    18 ||    27
Invok: Potion Petition   |       |       |     1 ||     1
  Use: Scroll            |       |    10 |     3 ||    13
 Stab: Sleeping          |    20 |    38 |    72 ||   130
       Confused          |       |     5 |     8 ||    13
       Invisible         |       |       |     2 ||     2
       Distracted        |       |       |     1 ||     1
  Eat: Chunk             |     4 |     8 |    11 ||    23
       Ration            |       |       |     5 ||     5
Armor: Skin              |     3 |     5 |    11 ||    19
Dodge: Dodged            |    42 |    92 |   248 ||   382

Table legend:
 A = Spawn XP
 B = Non-spawn XP
 C = Spawn XP percentage of total XP
 D = Spawn monster count
 E = Non-spawn monster count
 F = Spawn count percentage of total count
 G = Total turns spent on level
                    A         B        C        D         E        F      G
               +---------+---------+-------+---------+---------+-------+---------
         Total |       0 |    6218 |   0.0 |       0 |     199 |   0.0 | 11380
               +---------+---------+-------+---------+---------+-------+---------
           D:1 |       0 |      44 |   0.0 |       0 |      27 |   0.0 |  1961
           D:2 |       0 |     297 |   0.0 |       0 |      25 |   0.0 |   932
           D:3 |       0 |     206 |   0.0 |       0 |      27 |   0.0 |  1331
           D:4 |       0 |     480 |   0.0 |       0 |      17 |   0.0 |  1464
           D:5 |       0 |     654 |   0.0 |       0 |      22 |   0.0 |  1415
           D:6 |       0 |     653 |   0.0 |       0 |      23 |   0.0 |   929
           D:7 |       0 |    1770 |   0.0 |       0 |      38 |   0.0 |  1921
           D:8 |       0 |     782 |   0.0 |       0 |      17 |   0.0 |   993
           D:9 |       0 |    1332 |   0.0 |       0 |       3 |   0.0 |   228
               +---------+---------+-------+---------+---------+-------+---------

Table legend:
 A = Turns spent in this place as a percentage of turns spent in the entire game.
 B = Non-inter-level travel turns spent in this place as a percentage of non-inter-level travel turns spent in the entire game.
 C = Inter-level travel turns spent in this place as a percentage of turns spent in this place.
 D = Turns resting spent in this place as a percentage of non-inter-level travel turns spent in this place.
 E = Turns spent auto-exploring this place as a percentage of non-inter-level travel turns spent in this place.
 F = Non-inter-level travel turns spent in this place divided by the number of levels of this place that you've seen.
                   A       B       C       D       E      F
               +-------+-------+-------+-------+-------+----------------------
         Total | 100.0 | 100.0 |   3.4 |  31.5 |  47.1 | 1099.1
       Dungeon |  98.2 |  98.8 |   2.9 |  31.6 |  46.9 | 1206.0
        Temple |   1.8 |   1.2 |  33.5 |  21.2 |  67.9 | 137.0
               +-------+-------+-------+-------+-------+----------------------

Table legend:
 A = Kills in this place as a percentage of kills in entire the game.
 B = Kills by you in this place as a percentage of kills by you in the entire game.
 C = Kills by friends in this place as a percentage of kills by friends in the entire game.
 D = Other kills in this place as a percentage of other kills in the entire game.
 E = Experience gained in this place as a percentage of experience gained in the entire game.
 F = Experience gained in this place divided by the number of levels of this place that you have seen.
                   A       B       C       D       E      F
               +-------+-------+-------+-------+-------+----------------------
         Total | 100.0 | 100.0 |   N/A | 100.0 | 100.0 | 621.8
       Dungeon | 100.0 | 100.0 |   N/A | 100.0 | 100.0 | 690.9
               +-------+-------+-------+-------+-------+----------------------
